 Dungeon Crawl Stone Soup version 0.26-a0-664-gc8b27b8fc1 (webtiles) character file.

Game seed: 12161569101942648162

1446 Conn the Sneak (level 8, -9/52 HPs)
             Began as an Octopode Hedge Wizard on Oct 13, 2020.
             Mangled by a two-headed ogre
             ... wielding a cursed -2 giant club
              (15 damage)
             ... on level 9 of the Dungeon.
             The game lasted 00:26:40 (8582 turns).

Conn the Sneak (Octopode Hedge Wizard)              Turns: 8582, Time: 00:26:43

Health: -9/52      AC:  1    Str:  9    XL:     8   Next: 75%
Magic:  4/15       EV: 14    Int: 18    God:
Gold:   382        SH:  0    Dex: 12    Spells: 5/16 levels left

rFire    . . .     SeeInvis .   o - +4 spear (chaos)
rCold    . . .     Faith    .   (no shield)
rNeg     . . .     Spirit   .   b - +0 hat
rPois    .         Reflect  .   y - amulet of inaccuracy (curse)
rElec    .         Harm     .   e - ring of ice
rCorr    .         Rampage  .   u - ring of fire
MR       .....                  (no ring)
Stlth    ++++......             (no ring)
HPRegen  0.17/turn              (no ring)
MPRegen  0.14/turn              (no ring)
                                (no ring)
                                (no ring)

@: very slightly contaminated
A: almost no armour, stealthy swim, amphibious, 8 rings, constrict 8, camouflage
1, blurry vision 1, sense surroundings 1, gelatinous body 1
a: no special abilities


You were on level 9 of the Dungeon.
You visited 2 branches of the dungeon, and saw 10 of its levels.

You collected 382 gold pieces.

Inventory:

Hand Weapons
 a - a +0 dagger
 c - a +0 short sword
 n - a +2 spear of chaos
 o - a +4 spear of chaos (weapon)
 w - a +1 war axe of distortion
Armour
 b - a +0 hat (worn)
Magical Staves
 x - an uncursed staff of cold
Jewellery
 e - a ring of ice (left tentacle)
 m - an uncursed amulet of the acrobat
 p - an uncursed amulet of guardian spirit
 u - a ring of fire (right tentacle)
 y - a cursed amulet of inaccuracy (around mantle)
Wands
 k - a wand of paralysis (6)
 v - a wand of flame (5)
Scrolls
 d - 7 scrolls of remove curse
 f - 5 scrolls of teleportation
 g - 13 scrolls of identify
 h - a scroll of fear {unknown}
 z - a scroll of holy word {unknown}
Potions
 i - 3 potions of brilliance
 j - a potion of might
 l - a potion of curing


   Skills:
 * Level 3.2 Fighting
 + Level 0.8 Short Blades
 * Level 4.9 Polearms
 + Level 3.0 Dodging
 + Level 6.0 Stealth
 * Level 4.7 Spellcasting
 * Level 3.0 Conjurations
 + Level 1.5 Summonings
 + Level 1.9 Translocations
 * Level 2.2 Fire Magic
 * Level 2.3 Air Magic
 * Level 2.3 Poison Magic


You had 5 spell levels left.
You knew the following spells:

 Your Spells              Type           Power        Failure   Level
a - Magic Dart            Conj           ###.         4%          1
b - Blink                 Tloc           N/A          10%         2
c - Call Imp              Summ           #.......     11%         2
d - Conjure Flame         Conj/Fire      ###.....     14%         3
e - Mephitic Cloud        Conj/Pois/Air  ##......     14%         3

Your spell library contained the following spells:

 Spells                   Type           Power        Failure   Level
 Slow                     Hex            #.......     21%         2


Dungeon Overview and Level Annotations

Branches:
Dungeon (9/15)             Temple (1/1) D:6
   Lair: D:8-11         Orc: D:9-12

Altars:
Dithmenos
Elyvilon
Fedhas
Gozag
Kikubaaqudgha
Nemelex Xobeh
Okawaru
Qazlal
Ru
Trog
Vehumet
Wu Jian
Xom
Yredelemnul
Zin
The Shining One
Lugonu

Shops:
D:6 *


Innate Abilities, Weirdness & Mutations

You cannot wear most types of armour.
You are very stealthy in the water. (Stealth+)
You are amphibious.
You can wear up to eight rings at the same time.
You can use your tentacles to constrict eight enemies at once.
Your skin changes colour to match your surroundings (Stealth+).
Your rubbery body absorbs attacks. (AC +1, EV +1)
Scrolls take you a little longer to read.
You passively map a small area around you.


Message History

Casting: Blink (safe; 10% risk of failure)
Confirm with . or Enter, or press ? or * to list all spells.
Press: ? - help, Shift-Dir - straight line The ball explodes into a vile cloud!
The stinking cloud engulfs something but does no damage.
Unknown command.
Evoke which item? (* to show all) (? for menu, Esc to quit)
Press: ? - help, Dir - move target cursor You reach to attack!
You puncture something!
Evoke which item? (* to show all) (? for menu, Esc to quit)
Press: ? - help, Dir - move target cursor You reach to attack!
You barely miss something.
Casting: Mephitic Cloud (dangerous; 14% risk of failure)
Confirm with . or Enter, or press ? or * to list all spells.
You miscast Blink.
You are very lightly contaminated with residual magic.
Nothing appears to happen.
Something hits you!!
* * * LOW HITPOINT WARNING * * *
Something hits you!
You die...

######## #########
................@#
.....# ..........#####
.....#........°°°....#
#....#..........○#.#.#
#....................#
.....................#
................._...#
.....................#
####................##


There were no monsters in sight!

Vanquished Creatures
  A sky beast (D:4)
  A phantom (D:4)
  An ogre (D:4)
  A bullfrog (D:8)
  A wyvern zombie (D:8)
  A killer bee (D:7)
  2 wights (D:7)
  3 howler monkeys
  An electric eel (D:4)
  2 orc priests (D:4)
  A hound (D:5)
  An orc wizard (D:4)
  A gnoll shaman (D:6)
  4 iguanas
  5 worker ants
  A hound skeleton (D:4)
  2 worker ant zombies
  5 gnolls
  11 adders
  An ooze (D:1)
  4 dart slugs
  4 leopard geckos
  20 orcs
  2 ball pythons
  5 bats
  3 giant cockroaches
  11 goblins
  8 hobgoblins
  7 jackals
  4 kobolds
  5 quokkas
  A frilled lizard (D:4)
  A giant cockroach zombie (D:6)
  A jackal skeleton (D:4)
  A leopard gecko skeleton (D:5)
  9 rats
132 creatures vanquished.

Vanquished Creatures (collateral kills)
  An ice beast (D:6)
  An orc wizard (D:4)
  A worker ant (D:8)
  3 orcs (D:4)
6 creatures vanquished.

Vanquished Creatures (others)
  An electric eel (D:4)
1 creature vanquished.

Grand Total: 139 creatures vanquished

Notes
Turn   | Place    | Note
-------+----------+-------------------------------------------
     0 | D:1      | Conn the Octopode Hedge Wizard began the quest for the Orb.
     0 | D:1      | Reached XP level 1. HP: 11/11 MP: 4/4
   174 | D:1      | Reached XP level 2. HP: 17/17 MP: 6/6
   890 | D:1      | Reached skill level 3 in Stealth
   890 | D:1      | Reached XP level 3. HP: 21/21 MP: 1/8
  1282 | D:2      | Found a stormy altar of Qazlal.
  1464 | D:2      | Found a bloodstained altar of Trog.
  1711 | D:2      | Reached XP level 4. HP: 19/27 MP: 9/9
  1942 | D:2      | Reached skill level 4 in Stealth
  1943 | D:2      | Found a shimmering altar of Xom.
  3071 | D:3      | Reached XP level 5. HP: 32/32 MP: 10/10
  3083 | D:3      | Found a sacrificial altar of Ru.
  3299 | D:3      | Reached skill level 1 in Polearms
  3420 | D:4      | Noticed an ogre
  3424 | D:4      | Reached skill level 1 in Fighting
  3424 | D:4      | Reached skill level 5 in Stealth
  3433 | D:3      | Learned a level 2 spell: Blink
  3436 | D:3      | Learned a level 2 spell: Call Imp
  3440 | D:3      | Learned a level 3 spell: Conjure Flame
  3444 | D:3      | Learned a level 3 spell: Mephitic Cloud
  3458 | D:4      | Reached XP level 6. HP: 38/38 MP: 10/12
  3718 | D:4      | Found a transporter.
  3729 | D:4      | Found a transporter.
  3815 | D:4      | Noticed a phantom
  3836 | D:4      | Killed a phantom
  4014 | D:4      | Noticed a sky beast
  4031 | D:4      | Killed a sky beast
  4031 | D:4      | Reached XP level 7. HP: 34/45 MP: 9/13
  5104 | D:5      | Entered Level 5 of the Dungeon
  5324 | D:5      | Reached XP level 8. HP: 51/51 MP: 12/14
  5680 | D:5      | Reached skill level 1 in Fire Magic
  5893 | D:6      | Found an ancient bone altar of Kikubaaqudgha.
  6174 | D:5      | Reached skill level 1 in Poison Magic
  6383 | D:6      | Found a basalt altar of Yredelemnul.
  6434 | D:6      | Reached skill level 6 in Stealth
  6482 | D:6      | Reached skill level 1 in Air Magic
  6717 | D:6      | Found Wofutub's General Store.
  6721 | D:6      | Gained mutation: Scrolls take you a little longer to read.
                  | [potion of mutation]
  6721 | D:6      | Gained mutation: You passively map a small area around you.
                  | [potion of mutation]
  6854 | D:6      | Found a staircase to the Ecumenical Temple.
  6863 | Temple   | Entered the Ecumenical Temple
  7081 | D:6      | HP: 1/52 [something (7)]
  7592 | D:7      | Found a sparkling altar of Nemelex Xobeh.
  8529 | D:9      | Noticed a two-headed ogre
  8566 | D:9      | Found an ancient bone altar of Kikubaaqudgha.
  8582 | D:9      | Mangled by a two-headed ogre

Illustrated notes

Levels and vault maps discovered:
D:1:      sevenhm_arrival_forest_fort_small_6, layout_loops_ring,
          minmay_bisected
D:2:      layout_basic, tgw_xom, bloody_trog, old_standard_altar
D:3:      layout_basic, nicolae_ru_great_annihilating_truth
D:4:      gammafunk_steamed_eel, layout_cave_pods, minmay_misc_feat_encased
D:5:      layout_cave_pools
D:6:      layout_basic, kennysheep_vampire_church, lemuel_crystal_altar,
          minmay_temple_entry_junction, serial_shops, kennysheep_mini_moat,
          basic_altar, grunt_ministairs_10
D:7:      layout_basic, nemelex_xobeh_ov_fountains_minmay,
          gammafunk_temple_overflow_statue
D:8:      layout_rooms, slow_altar_2, kennysheep_mini, lemuel_blue_sif_altar
D:9:      layout_stronghold, lemuel_crystal_altar, overflow_temple_1_default,
          basic_altar
Temple:   corrupted_temple

Skill      XL: |  1  2  3  4  5  6  7  8 |
---------------+-------------------------+-----
Stealth        | 3 4 5 6 |  6.0
Polearms       | 2 3 4 |  4.9
Fighting       | 1 2 3 |  3.2
Spellcasting   | 4 |  4.7
Conjurations   | 2 3 |  3.0
Dodging        | 3 |  3.0
Fire Magic     | 2 |  2.2
Poison Magic   | 2 |  2.3
Air Magic      | 2 |  2.3
Short Blades   | |  0.8
Summonings     | |  1.5
Translocations | |  1.9

Action                   |  1- 3 |  4- 6 |  7- 9 || total
-------------------------+-------+-------+-------++-------
Melee: Short sword       |    58 |     1 |     2 ||    61
       Constrict         |    15 |    12 |    34 ||    61
       Tentacles         |     6 |     7 |    20 ||    33
       Spear             |       |    95 |   201 ||   296
       Staff             |       |       |     3 ||     3
 Cast: Magic Dart        |    17 |    16 |    74 ||   107
       Call Imp          |       |     1 |    15 ||    16
       Blink             |       |     1 |    10 ||    11
       Mephitic Cloud    |       |       |    12 ||    12
       Conjure Flame     |       |       |     3 ||     3
Evoke: Wand              |       |       |     8 ||     8
  Use: Potion            |     1 |     1 |     9 ||    11
       Scroll            |       |     5 |     5 ||    10
 Stab: Sleeping          |     7 |    11 |     8 ||    26
       Paralysed         |       |     2 |     4 ||     6
       Distracted        |       |     1 |     1 ||     2
       Petrified         |       |       |     3 ||     3
       Confused          |       |       |     1 ||     1
Armor: Skin              |     4 |     2 |     7 ||    13
Dodge: Dodged            |    37 |    38 |   116 ||   191

Table legend: (Time is in decaauts)
 A = Elapsed time spent in this place.
 B = Non-inter-level travel time spent in this place.
 C = Inter-level travel time spent in this place.
 D = Time resting spent in this place.
 E = Time spent auto-exploring this place.
 F = Levels seen in this place.
 G = Mean time per level.
                   A        B        C        D        E       F      G
               +--------+--------+--------+--------+--------+-----+--------+
         Total |   8565 |   8523 |     42 |   2953 |   3563 |  10 |  856.5 |
       Dungeon |   8494 |   8452 |     42 |   2953 |   3548 |   9 |  943.8 |
        Temple |     70 |     70 |      0 |      0 |     15 |   1 |   70.0 |
               +--------+--------+--------+--------+--------+-----+--------+

Top non-repeatable levels by time:
     D:4: 1482 daAuts
     D:2: 1270 daAuts
     D:1: 1264 daAuts
     D:3: 1091 daAuts
     D:5: 1077 daAuts
     D:6: 821 daAuts
     D:8: 797 daAuts
     D:7: 514 daAuts
     D:9: 174 daAuts
  Temple: 70 daAuts
